 Dungeon Crawl Stone Soup version 0.29.1-2-gbd0b4ee654 (webtiles) character file.

Game seed: 3775189652300507518

193 lokiplouj the Magician (level 5, -5/24 HPs)
             Began as a Spriggan Earth Elementalist on Nov 8, 2022.
             Was a Believer of Uskayaw.
             Slain by an iron imp (11 damage)
             ... summoned by Eustachio
             ... on level 4 of the Dungeon.
             The game lasted 00:17:02 (2825 turns).

lokiplouj the Magician (SpEE)                       Turns: 2825, Time: 00:17:07

Health: -5/24      AC:  2    Str:  4    XL:     5   Next: 44%
Magic:  9/13       EV: 18    Int: 15    God:    Uskayaw [**....]
Gold:   232        SH:  0    Dex: 17    Spells: 13/14 levels left

rFire   . . .      SeeInvis +   (weapon restricted)
rCold   . . .      Faith    .   (no shield)
rNeg    . . .      Spirit   .   a - +1 robe
rPois   .          Reflect  .   (helmet restricted)
rElec   .          Harm     .   (no cloak)
rCorr   .          Rampage  .   (gloves unavailable)
Will    .....                   (boots unavailable)
Stlth   ++........              g - amulet of the acrobat
HPRegen 0.08/turn               (no ring)
MPRegen 0.13/turn               (no ring)

@: unable to read, very quick
A: very small, no large weapons, unfitting armour, see invisible, speed 3,
hooves 1, deformed body, dopey 1, inability to read after injury 1
a: Renounce Religion, Stomp, Line Pass


You were on level 4 of the Dungeon.
You worshipped Uskayaw.
Uskayaw was noncommittal.
You visited 1 branch of the dungeon, and saw 4 of its levels.

You collected 232 gold pieces.

Inventory:

Armour
 a - a +1 robe (worn)
Jewellery
 g - an amulet of the acrobat (around neck)
Scrolls
 e - a scroll of fog {unknown}
 h - a scroll of enchant armour
 j - a scroll of poison {unknown}
Potions
 c - 3 potions of degeneration
 d - 3 potions of flight


   Skills:
 + Level 0.1 Fighting
 + Level 3.2 Dodging
 + Level 3.1 Stealth
 + Level 0.1 Unarmed Combat
 + Level 5.2 Spellcasting
 + Level 1.3 Transmutations
 + Level 4.1 Earth Magic


You had 13 spell levels left.
You knew the following spells:

 Your Spells              Type           Power      Damage    Failure   Level
a - Sandblast             Erth           32%        2d9       3%          1

Your spell library contained the following spells:

 Spells                   Type           Power      Damage    Failure   Level
 Passwall                 Tmut/Erth      10%        N/A       8%          2
 Stone Arrow              Conj/Erth      20%        3d8       21%         3
 Petrify                  Tmut/Erth      12%        N/A       45%         4


Dungeon Overview and Level Annotations

Branches:
Dungeon (4/15)
 Temple: D:4-7

Altars:
Qazlal
Trog
Uskayaw

Shops:
D:1 *!   D:4 (

Annotations:
D:4 Eustachio


Innate Abilities, Weirdness & Mutations

You are very small and have problems with some larger weapons.
You are too small for most types of armour.
You have supernaturally acute eyesight. (SInv)
You cover ground extremely quickly. (Speed+++)
You have large cloven feet.
Armour fits poorly on your strangely shaped body.
You are dopey. (Int -2)
You occasionally lose the ability to read scrolls when taking damage.


Message History

Aim: Eustachio, wielding a +0 rapier, wearing a +0 leather armour and carrying a wand of flame (13) (moderately wounded, 75% to hit)
The blast of sand hits Eustachio.
Eustachio is moderately wounded.
The bat misses you. The bat hits you but does no damage.
Eustachio zaps a wand.
The puff of flame hits you.
The crimson imp hits you but does no damage.
The bat closely misses you.
Casting: Sandblast (safe; 3% risk of failure)
Confirm with . or Enter, or press ? or * to list all spells.
You don't know that spell.
Unknown command.
You feel better. The bat closely misses you. Eustachio closely misses you.
The crimson imp blinks!
The iron imp hits you!
Casting: Sandblast (safe; 3% risk of failure)
Confirm with . or Enter, or press ? or * to list all spells.
Aiming: Sandblast (safe; 3% risk of failure)
Press: ? - help, Shift-Dir - straight line, f/p - Eustachio
Aim: Eustachio, wielding a +0 rapier, wearing a +0 leather armour and carrying a wand of flame (12) (moderately wounded, 75% to hit)
The blast of sand hits Eustachio!
Eustachio is heavily wounded.
The bat closely misses you. The bat hits you but does no damage.
Eustachio misses you.
Eustachio mumbles some strange words.
The iron imp closely misses you.
The crimson imp shouts, "Away with thee, thou rough-hewn idle-headed jarkman!"
You can now pass through a line of other dancers.
Casting: Sandblast (safe; 3% risk of failure)
Confirm with . or Enter, or press ? or * to list all spells.
Aiming: Sandblast (safe; 3% risk of failure)
Press: ? - help, Shift-Dir - straight line, f/p - Eustachio
Aim: Eustachio, wielding a +0 rapier, wearing a +0 leather armour and carrying a wand of flame (12) (heavily wounded, 75% to hit)
The blast of sand misses Eustachio.
The blast of sand hits the bat.
You kill the bat!
The bat's corpse disappears in a puff of smoke!
The bat completely misses you. The bat barely misses you.
Eustachio hits you with a +0 rapier!
You feel threatened and lose the ability to read scrolls!
* * * LOW HITPOINT WARNING * * *
The iron imp hits you!
You die...

#.# #.# #.# #####.###
#+## #.......# #...##
#### #.###.#.# #b....#
...# #.###.#.# ##.......
##.###.##....###5rr.....
...............'@@5§....
...###.......###r§......
...# ####[.### ##>......
...# #.## #....∩# .#.#
#.# #...## ...# #.# #+##
#### #.# # #. #


You could see Eustachio, an iron imp (summoned), a crimson imp (summoned), 2
river rats, a bat (summoned) and a rat (summoned).

Vanquished Creatures
  An ogre (D:4)
  A hound (D:3)
  Robin (D:2)
  2 worms (D:2)
  2 dart slugs (D:3)
  An orc (D:3)
  4 endoplasms (D:3)
  4 giant cockroaches
  15 goblins
  6 hobgoblins
  7 kobolds
  2 quokkas (D:1)
  3 ball pythons
  6 bats
  3 frilled lizards
  7 rats
65 creatures vanquished.

Notes
Turn   | Place    | Note
-------+----------+-------------------------------------------
     0 | D:1      | lokiplouj the Spriggan Earth Elementalist began the quest
                  | for the Orb.
     0 | D:1      | Reached XP level 1. HP: 9/9 MP: 5/5
    85 | D:1      | Found Saezosk's General Store.
   284 | D:1      | Reached skill level 3 in Spellcasting
   323 | D:1      | Reached XP level 2. HP: 13/13 MP: 5/7
   380 | D:1      | Found Utoog's Distillery.
   717 | D:1      | You fall into a shaft and drop 1 floor!
   952 | D:2      | Noticed Robin
   955 | D:2      | Reached XP level 3. HP: 15/16 MP: 1/9
  1012 | D:2      | Killed Robin
  1013 | D:2      | Reached skill level 4 in Spellcasting
  1473 | D:3      | Reached XP level 4. HP: 16/21 MP: 4/11
  1614 | D:3      | Gained mutation: You have hidden genetic defects. [potion
                  | of mutation]
  1614 | D:3      | Gained mutation: Armour fits poorly on your strangely
                  | shaped body. [potion of mutation]
  1614 | D:3      | Gained mutation: You have large cloven feet. [potion of
                  | mutation]
  1730 | D:3      | Found a faded altar of an unknown god.
  1774 | D:3      | Prayed at the altar of an unknown god.
  1774 | D:3      | Became a worshipper of Uskayaw the Reveller
  1774 | D:3      | Reached * piety under Uskayaw
  1803 | D:3      | Reached ** piety under Uskayaw
  2088 | D:3      | Found a stormy altar of Qazlal.
  2257 | D:3      | Gained mutation: You occasionally lose the ability to read
                  | scrolls when taking damage. [hidden defects]
  2294 | D:3      | Found a bloodstained altar of Trog.
  2550 | D:4      | Noticed an ogre
  2556 | D:4      | Killed an ogre
  2557 | D:4      | Reached skill level 5 in Spellcasting
  2557 | D:4      | Reached XP level 5. HP: 24/24 MP: 8/13
  2558 | D:4      | Gained mutation: You are dopey. (Int -2) [hidden defects]
  2558 | D:4      | Lost mutation: You have hidden genetic defects. [hidden
                  | defects expressed]
  2817 | D:4      | Noticed Eustachio
  2818 | D:4      | Found Muja's Antique Weapon Shoppe.
  2825 | D:4      | Slain by an iron imp

Illustrated notes

Levels and vault maps discovered:
D:1:      nzn_arrival_depleted_hourglass, layout_basic, serial_shops, shop,
          nicolae_shop_hallway_plus, minmay_misc_feat_doors
D:2:      layout_rooms, nicolae_elevator_lobby_asterisk, uniq_robin
D:3:      layout_loops_ring, trog_hazing_becter, marbit_many_paths,
          chequers_ecumenical_altar_grove
D:4:      layout_loops_corners, minmay_temple_entry_poolview, serial_shops,
          shop, uniq_eustachio

Skill      XL: |  1  2  3  4 |
---------------+-------------+-----
Dodging        | 3 |  3.2
Spellcasting   | 3 4 5 |  5.2
Earth Magic    | 3 4 |  4.1
Fighting       | |  0.1
Stealth        | |  3.1
Unarmed Combat | |  0.1
Transmutations | |  1.3

Action                   |  1- 3 |  4- 6 || total
-------------------------+-------+-------++-------
Melee: Unarmed           |     8 |     2 ||    10
       Kick              |       |     1 ||     1
 Cast: Sandblast         |    62 |    45 ||   107
  Use: Potion            |     3 |     2 ||     5
       Scroll            |     2 |     4 ||     6
Armor: Robe              |     8 |     5 ||    13
Dodge: Dodged            |    67 |    37 ||   104
